 Dungeon Crawl Stone Soup version bcrawl-1.12.2 (webtiles) character file.

Game seed: 17890473756174779117

303 Ebbett the Conjurer (level 6, -5/36 HPs)
             Began as a Fairy Conjurer on July 23, 2019.
             Killed from afar by an orc wizard (6 damage)
             ... with a magic dart
             ... on level 4 of the Dungeon.
             The game lasted 00:10:53 (3084 turns).

Ebbett the Conjurer (Fairy Conjurer)                Turns: 3084, Time: 00:10:53

Health: -5/36      AC:  9    Str:  6    XL:     6   Next: 38%
Magic:  2/15       EV: 17    Int: 21    God:
Gold:   233        SH:  5    Dex: 12    Spells: 10/15 levels left

rFire    . . .     SeeInvis .   n - +0 spear (flame)
rCold    . . .     Gourm    .   (shield restricted)
rNeg     . . .     Faith    .   (armour unavailable)
rPois    .         Spirit   .   (no helmet)
rElec    .         Reflect  .   p - +0 cloak
rCorr    .         Harm     .   g - +2 pair of gloves
MR       .....                  (no boots)
Stlth    +.........             (no amulet)
HPRegen  0.12/turn              (no ring)
MPRegen  0.14/turn              (no ring)

@: flying evasively, very slightly contaminated
A: small, magic attunement, unstealthy, unfitting armour, able to fly, AC/SH +5
a: Stop Flying


You were on level 4 of the Dungeon.
You were not hungry.

You visited 1 branch of the dungeon, and saw 4 of its levels.

You collected 233 gold pieces.

Inventory:

Hand Weapons
 n - a +0 spear of flaming (weapon)
Armour
 a - a +0 robe
 g - a +2 pair of gloves (worn)
 p - a +0 cloak (worn)
Jewellery
 c - an uncursed ring of see invisible {unknown}
Scrolls
 d - 2 scrolls of fear
 e - 4 scrolls of teleportation
 f - a scroll of enchant armour
 j - a scroll of blinking
 k - 3 scrolls of amnesia
 m - 2 scrolls of identify
 o - a scroll of immolation
 q - a scroll of enchant weapon {unknown}
Potions
 h - 2 potions of mutation
 i - a potion of lignification
 l - a potion of cancellation {unknown}
Comestibles
 b - 5 rations {!d}


   Skills:
 + Level 3.7 Dodging
 + Level 1.8 Stealth
 + Level 5.1 Spellcasting
 + Level 7.2 Conjurations


You had 10 spell levels left.
You knew the following spells:

 Your Spells              Type           Power        Failure   Level  Hunger
a - Magic Dart            Conj           ####         1%          1    None
b - Fulminant Prism       Conj/Hex       ###.......   24%         4    None

Your spell library contained the following spells:

 Spells                   Type           Power        Failure   Level  Hunger
 Searing Ray              Conj           #####.       1%          2    None
 Iskenderun's Mystic Bla  Conj           #####...     1%          3    None
 Irradiate                Conj/Tmut      ###.......   54%         5    None


Dungeon Overview and Level Annotations

Branches:
Dungeon (4/12)
 Temple: D:4-7

Altars:
Fedhas

Annotations:
D:4 Eustachio, Menkaure


Innate Abilities, Weirdness & Mutations

Your spells do not cause hunger and MP costs are reduced by 1.
Your bright wings attract enemies. (Stealth-)
You cannot fit into any form of body armour.
Your shimmering scales are hard and can block incoming attacks. (AC +5, SH +5)
You are small and have problems with some larger weapons.
You can fly continuously.


Message History

You feel a bit tired. The orc hits you with a +0 flail.
* * * LOW HITPOINT WARNING * * *
The orc wizard casts a spell at you. The magic dart hits you!
Menkaure calls on the powers of darkness!
The orc wizard convulses!
Your body is wracked with pain!
* * * LOW HITPOINT WARNING * * *
The orc convulses!
The orc wizard hits you but does no damage.
You block the orc wizard's attack. The orc wizard casts a spell at you.
The magic dart hits you!
* * * LOW HITPOINT WARNING * * *
The orc wizard gestures wildly while chanting.
The orc wizard blinks!
Found a scroll of amnesia.
Found 95 stones.
The orc wizard gestures at you while chanting.
The magic dart hits you!
You die...

#.....# .......##..$#.
.. ............ #...# .#
...^.#.....# #.###.#
....##..##.# ##.....#
....#..###.###.....#
...#............## . .
#.#........M..>.#.?..
...#...........o@.......
#....#...............#
..=..#.#........#......#
?..###.....o...###......
.. ###........##.......
# #..........[...##.(.
................###.##
#.................. #
...............####


You could see Menkaure, an orc wizard and an orc.

Vanquished Creatures
  2 orc wizards (D:3)
  A jelly (D:3)
  A worker ant zombie (D:3)
  7 gnolls
  An adder (D:3)
  An ooze (D:4)
  5 worms
  3 dart slugs
  8 leopard geckos
  13 orcs
  3 ball pythons
  8 bats
  2 giant cockroaches
  4 goblins
  9 hobgoblins
  3 jackals (D:3)
  4 kobolds
  3 quokkas
  5 frilled lizards
  8 rats
  A fulminant prism (D:4)
  4 plants (D:3)
96 creatures vanquished.

Vanquished Creatures (others)
  4 fulminant prisms (D:4)
4 creatures vanquished.

Grand Total: 100 creatures vanquished

Notes
Turn   | Place    | Note
-------+----------+-------------------------------------------
     0 | D:1      | Ebbett the Fairy Conjurer began the quest for the Orb.
     0 | D:1      | Reached XP level 1. HP: 11/11 MP: 6/6
    28 | D:1      | Reached skill level 5 in Conjurations
    67 | D:1      | Reached XP level 2. HP: 17/17 MP: 7/7
   208 | D:1      | Reached XP level 3. HP: 21/21 MP: 9/9
   615 | D:2      | Reached skill level 6 in Conjurations
  1012 | D:2      | Reached XP level 4. HP: 27/27 MP: 11/11
  1531 | D:3      | Reached XP level 5. HP: 31/31 MP: 12/12
  1783 | D:3      | Reached skill level 7 in Conjurations
  1783 | D:3      | Reached XP level 6. HP: 32/36 MP: 13/15
  1894 | D:3      | Reached skill level 5 in Spellcasting
  1978 | D:3      | Learned a level 4 spell: Fulminant Prism
  2299 | D:3      | Found a blossoming altar of Fedhas.
  2486 | D:4      | Noticed Eustachio
  2891 | D:3      | Paralysed by fainting for 8 turns
  3065 | D:4      | Noticed Menkaure
  3081 | D:4      | HP: 1/36 [orc wizard/magic dart (6)]
  3084 | D:4      | Killed from afar by an orc wizard

Skill      XL: |  1  2  3  4  5  6 |
---------------+-------------------+-----
Conjurations   | 5 6 7 |  7.2
Spellcasting   | 3 4 5 |  5.1
Dodging        | 3 |  3.7
Stealth        | |  1.8

Action                   |  1- 3 |  4- 6 || total
-------------------------+-------+-------++-------
Melee: Spear             |       |   391 ||   391
 Cast: Magic Dart        |    80 |   144 ||   224
       Fulminant Prism   |       |     5 ||     5
  Use: Scroll            |     3 |     4 ||     7
       Potion            |       |     2 ||     2
  Eat: Chunk             |       |     4 ||     4
       Ration            |       |     1 ||     1
Armor: Skin              |     1 |    13 ||    14
Dodge: Dodged            |    11 |    46 ||    57
Block: Other             |     1 |    23 ||    24
